[Event "December 12 Early 2023"]
[Site "https://www.chess.com"]
[Date "2023.12.12"]
[Round "4"]
[White "Lopusiewicz, Piotr"]
[Black "Koellner, Ruben Gideon"]
[Result "1/2-1/2"]
[Board "113"]
[TimeControl "180+1"]
[WhiteFideId "1116029"]
[BlackFideId "12993093"]
[WhiteElo "2448"]
[BlackElo "2646"]
[WhiteTeam "POL"]
[BlackTeam "GER"]
[WhiteClock "0:00:14"]
[BlackClock "0:00:05"]

1. d4 d6 2. e4 Nf6 3. Nc3 e5 4. Nf3 Nbd7 5. Bc4 Be7 6. O-O c6 7. a4 h6 8. h3 Qc7 9. Be3 Nf8 10. Bb3 g5 11. Nd2 Ng6 12. dxe5 dxe5 13. Nc4 g4 14. hxg4 Bxg4 15. f3 Be6 16. a5 h5 17. Bg5 h4 18. Ne3 Nh5 19. Bxe7 Qxe7 20. Nf5 Qc5+ 21. Kh2 Bxf5 22. exf5 Ngf4 23. Ne4 Qe7 24. Nd6+ Kf8 25. Nxf7 Rg8 26. Rf2 h3 27. g4 Nf6 28. Qd6 Qxd6 29. Nxd6 Rg7 30. a6 b5 31. Rd2 Rd8 32. Rad1 Ke7 33. Nb7 Rxd2+ 34. Rxd2 e4 35. fxe4 Nxg4+ 36. Kh1 h2 37. Nc5 Nh3 38. Rd7+ Kf6 39. e5+ Kxf5 40. Be6+ Kxe5 41. Bxg4 Nf2+ 42. Kxh2 Nxg4+ 43. Kg3 Rxd7 44. Nxd7+ Kd6 45. Kxg4 Kxd7 46. Kf5 c5 47. Ke5 Kc6 48. b3 b4 49. Ke6 Kb6 50. Kd5 Kb5 51. Kd6 c4 52. bxc4+ Kxc4 53. Kc6 Kc3 54. Kb5 Kxc2 55. Kxb4 Kd3 56. Kc5 Ke4 57. Kc6 Ke5 58. Kb7 Kd6 59. Kxa7 Kc7 60. Ka8 Kc8 61. a7 Kc7 1/2-1/2

[Event "December 12 Early 2023"]
[Site "https://www.chess.com"]
[Date "2023.12.12"]
[Round "4"]
[White "Kozelov, Roman"]
[Black "Tanriverdi, Enes"]
[Result "1-0"]
[Board "114"]
[TimeControl "180+1"]
[WhiteFideId "14133377"]
[BlackFideId "34543279"]
[WhiteElo "2424"]
[BlackElo "2638"]
[WhiteTeam "UKR"]
[BlackTeam "TUR"]
[WhiteClock "0:01:04"]
[BlackClock "0:00:14"]

1. e4 c5 2. Nf3 e6 3. g3 Nc6 4. Bg2 d6 5. O-O Nf6 6. Re1 e5 7. c3 Be7 8. h3 O-O 9. d4 cxd4 10. cxd4 h6 11. Nc3 Bd7 12. d5 Na5 13. b3 b5 14. Qd3 b4 15. Nd1 Qb6 16. Be3 Qb7 17. Rc1 Rfc8 18. Nb2 Bb5 19. Qb1 Rxc1 20. Bxc1 Rc8 21. Bd2 Ba6 22. Nh4 Bf8 23. Nf5 Nd7 24. Nd3 Bxd3 25. Qxd3 Nc5 26. Qe2 Kh7 27. Qg4 g6 28. Nxh6 Nd3 29. Qh4 Nxe1 30. Ng4+ Kg8 31. Nf6+ Kg7 32. Bh6+ 1-0

[Event "December 12 Early 2023"]
[Site "https://www.chess.com"]
[Date "2023.12.12"]
[Round "4"]
[White "Ingebretsen, Jens E"]
[Black "Bazilius, Augustinas"]
[Result "0-1"]
[Board "115"]
[TimeControl "180+1"]
[WhiteFideId "1522965"]
[BlackFideId "12832251"]
[WhiteElo "2613"]
[BlackElo "2417"]
[WhiteTeam "NOR"]
[BlackTeam "LTU"]
[WhiteClock "0:00:56"]
[BlackClock "0:00:05"]

1. b3 Nf6 2. Bb2 g6 3. e4 d6 4. Nf3 Bg7 5. Qe2 O-O 6. Nc3 c5 7. O-O-O Nc6 8. h3 a6 9. d4 cxd4 10. Nxd4 Nxd4 11. Rxd4 b5 12. Nd5 Nxd5 13. Rxd5 Qa5 14. Bxg7 Kxg7 15. Kb2 Be6 16. Qd2 Qc7 17. Rd3 a5 18. Qc3+ Qxc3+ 19. Rxc3 b4 20. Rc7 Kf6 21. Bc4 Rfc8 22. Rxc8 Rxc8 23. Bd3 Ke5 24. a3 Rc3 25. axb4 axb4 26. Rd1 g5 27. g3 Bxh3 28. Rh1 Be6 29. Rxh7 Bxb3 30. Rh5 f6 31. f4+ Kd4 32. fxg5 fxg5 33. Rxg5 Bc4 34. Bxc4 Rxc4 35. Rg7 e5 36. Rd7 Rc6 37. Rb7 Rc4 38. Rb6 Kxe4 39. Rxd6 Kf3 40. Rg6 e4 41. Kb3 Rc3+ 42. Kxb4 Rxc2 43. Kb3 Rc7 44. g4 e3 45. Re6 e2 46. Kb2 Rg7 47. Kc2 Rxg4 48. Kd2 Rd4+ 49. Kc2 Rd1 50. Rf6+ Kg4 51. Rg6+ Kf5 52. Rd6 e1=Q 53. Rxd1 Qe4+ 54. Rd3 Qa4+ 55. Kc3 Ke4 56. Rd2 Qa3+ 57. Kc2 Ke3 58. Rd1 Qa4+ 59. Kc1 Qc4+ 60. Kb2 Ke2 61. Rc1 Qb4+ 62. Kc2 Qc5+ 63. Kb1 Qb6+ 64. Kc2 Qc7+ 65. Kb2 Qb7+ 66. Kc2 Qe4+ 67. Kb2 Kd2 68. Rc3 Qd4 69. Ka2 Qxc3 70. Kb1 Qc2+ 71. Ka1 Qc4 72. Kb1 Qb5+ 73. Ka1 Kc2 74. Ka2 Qb2# 0-1

[Event "December 12 Early 2023"]
[Site "https://www.chess.com"]
[Date "2023.12.12"]
[Round "4"]
[White "Zivic, Dragan"]
[Black "Tasev, Dejan"]
[Result "1-0"]
[Board "116"]
[TimeControl "180+1"]
[WhiteFideId "904740"]
[BlackFideId "936618"]
[WhiteElo "2405"]
[BlackElo "2591"]
[WhiteTeam "SRB"]
[BlackTeam "SRB"]
[WhiteClock "0:00:21"]
[BlackClock "0:00:51"]

1. c4 Nf6 2. Nc3 g6 3. d4 Bg7 4. e4 d6 5. h3 O-O 6. Be3 c5 7. d5 b5 8. cxb5 a6 9. a4 Nbd7 10. Nf3 axb5 11. Bxb5 Ba6 12. O-O Bxb5 13. axb5 Ne8 14. Qd2 Nc7 15. Bh6 Nb6 16. Bxg7 Kxg7 17. b4 Nd7 18. bxc5 Nxc5 19. Rab1 Qd7 20. Nd4 Rab8 21. Nc6 Rb7 22. Qd4+ f6 23. f4 e5 24. fxe5 fxe5 25. Nxe5 dxe5 26. Qxc5 Re8 27. Qc6 Qxc6 28. bxc6 Rxb1 29. Rxb1 Kf6 30. Rb7 Rc8 31. d6 Ne6 32. Nd5+ Kg5 33. c7 Nc5 34. Rb5 Nd7 35. Ne7 1-0

[Event "December 12 Early 2023"]
[Site "https://www.chess.com"]
[Date "2023.12.12"]
[Round "4"]
[White "Andreev, Konstantin"]
[Black "Rose, Felix"]
[Result "1-0"]
[Board "117"]
[TimeControl "180+1"]
[WhiteFideId "24239305"]
[BlackFideId "5105722"]
[WhiteElo "2561"]
[BlackElo "2317"]
[WhiteTeam "ITA"]
[BlackTeam "MEX"]
[WhiteClock "0:00:26"]
[BlackClock "0:00:00"]

1. e4 e5 2. Nf3 Nc6 3. Bc4 Nf6 4. d4 exd4 5. e5 d5 6. Bb5 Ne4 7. Nxd4 Bc5 8. O-O O-O 9. Bxc6 bxc6 10. Be3 Qe8 11. f3 Nf6 12. f4 Ne4 13. Nd2 Nxd2 14. Qxd2 f6 15. exf6 Rxf6 16. Rae1 Ba6 17. Rf2 Qf7 18. Qa5 Bb5 19. Nxb5 Bxe3 20. Rxe3 cxb5 21. Qxb5 c6 22. Qb4 Re8 23. Qd4 h6 24. Kf1 Rxe3 25. Qxe3 Re6 26. Qd2 Qh5 27. h3 Qe8 28. Re2 Re4 29. Rxe4 Qxe4 30. Kf2 a5 31. c3 a4 32. g3 Qh1 33. Qe2 Qh2+ 34. Kf3 Qxh3 35. Qe8+ Kh7 36. Qxc6 Qh1+ 37. Kg4 Qd1+ 38. Kf5 Qd3+ 39. Ke5 Qe4+ 40. Kd6 Qg6+ 41. Kc5 Qc2 42. Qxa4 Qxb2 43. Kxd5 Qxc3 44. g4 Qd2+ 45. Ke5 Qb2+ 46. Ke6 Qe2+ 47. Kf5 1-0

[Event "December 12 Early 2023"]
[Site "https://www.chess.com"]
[Date "2023.12.12"]
[Round "4"]
[White "Quirke, Jeffrey"]
[Black "Silva Lucena, Cristian"]
[Result "0-1"]
[Board "118"]
[TimeControl "180+1"]
[WhiteFideId "2013029"]
[BlackFideId "2232588"]
[WhiteElo "2162"]
[BlackElo "2528"]
[WhiteTeam "USA"]
[BlackTeam "ESP"]
[WhiteClock "0:00:05"]
[BlackClock "0:01:16"]

1. e4 c5 2. c3 Nf6 3. e5 Nd5 4. Nf3 Nc6 5. Bc4 Nb6 6. Bb3 d5 7. exd6 Qxd6 8. O-O Be6 9. Bxe6 Qxe6 10. Re1 Qd6 11. Na3 a6 12. d4 cxd4 13. cxd4 g6 14. Be3 Bg7 15. Qb3 Na5 16. Qd3 O-O 17. Rad1 Nd5 18. Nc2 Rac8 19. Bg5 Rfe8 20. Ne3 Nb4 21. Qb1 b5 22. a3 Nbc6 23. d5 Ne5 24. Nd4 Nec4 25. Nxc4 Nxc4 26. Bh4 e6 27. b3 Nxa3 28. Qa2 Bxd4 29. Rxd4 Nc2 30. Rd2 Nxe1 0-1

[Event "December 12 Early 2023"]
[Site "https://www.chess.com"]
[Date "2023.12.12"]
[Round "4"]
[White "Javakhadze, Zurab"]
[Black "Monpeurt, Cyrielle"]
[Result "1-0"]
[Board "119"]
[TimeControl "180+1"]
[WhiteFideId "13603647"]
[BlackFideId "677400"]
[WhiteElo "2767"]
[BlackElo "2249"]
[WhiteTeam "GEO"]
[BlackTeam "FRA"]
[WhiteClock "0:00:02"]
[BlackClock "0:00:28"]

1. d4 Nf6 2. c4 c5 3. d5 e6 4. Nc3 exd5 5. cxd5 d6 6. Nf3 g6 7. e4 Bg7 8. Nd2 Nbd7 9. Be2 O-O 10. O-O a6 11. a4 Re8 12. Re1 g5 13. Ra3 Ne5 14. Nf1 Rb8 15. Bxg5 h6 16. Bc1 Bd7 17. a5 b5 18. axb6 Qxb6 19. Ng3 Bb5 20. Nf5 Bxe2 21. Qxe2 c4 22. Na4 Qb4 23. Rg3 Ng6 24. Nc3 h5 25. h4 Ng4 26. f3 Qc5+ 27. Kh1 Nf2+ 28. Kh2 Be5 29. Be3 Bxg3+ 30. Nxg3 Qb4 31. Qxf2 Qxb2 32. Qxb2 Rxb2 33. Nxh5 Nxh4 34. Nf6+ Kf8 35. Nxe8 Nxg2 36. Re2 Rxe2 37. Nxe2 Nxe3 38. Nxd6 c3 39. Nc1 c2 40. Kg3 Ke7 41. Nb7 Nc4 42. Kf2 a5 43. Nc5 Kd6 44. Na4 Ke5 45. Ke2 Kd4 46. Nb3+ Ke5 47. Kd3 Na3 48. Nc1 Kf4 49. d6 Nb5 50. d7 1-0

[Event "December 12 Early 2023"]
[Site "https://www.chess.com"]
[Date "2023.12.12"]
[Round "4"]
[White "Samunenkov, Ihor"]
[Black "Bolat, Inayat"]
[Result "1-0"]
[Board "120"]
[TimeControl "180+1"]
[WhiteFideId "14187086"]
[BlackFideId "13733125"]
[WhiteElo "2730"]
[BlackElo "2440"]
[WhiteTeam "UKR"]
[BlackTeam "KAZ"]
[WhiteClock "0:00:02"]
[BlackClock "0:00:00"]

1. d4 Nf6 2. Nc3 d5 3. Bf4 g6 4. e3 Bg7 5. h4 h5 6. Nf3 O-O 7. Ne5 c5 8. Qd2 cxd4 9. exd4 Nc6 10. O-O-O Bf5 11. f3 Rc8 12. Kb1 Nb4 13. Bd3 Nxd3 14. cxd3 b5 15. Bh6 b4 16. Na4 Nd7 17. Bxg7 Kxg7 18. g4 Nxe5 19. gxf5 Nc6 20. Qe3 Qd7 21. fxg6 fxg6 22. Nc5 Qf5 23. Ne6+ Kh7 24. Nxf8+ Rxf8 25. Rc1 Rf6 26. f4 b3 27. a3 Re6 28. Qh3 Nxd4 29. Qxf5 Nxf5 30. Rce1 Rd6 31. Rc1 Rd7 32. Rc3 Nd4 33. Re1 a5 34. a4 e6 35. Rc5 Kg7 36. Rxa5 Kf6 37. Ra8 Nf3 38. Re3 Nd2+ 39. Kc1 Nf1 40. Rf3 Rc7+ 41. Kd1 Nh2 42. Rf2 Ng4 43. Rd2 Ne3+ 44. Ke2 Nc2 45. a5 Nd4+ 46. Ke3 Nb5 47. a6 Nd6 48. a7 Nb5 49. Rf8+ 1-0

[Event "December 12 Early 2023"]
[Site "https://www.chess.com"]
[Date "2023.12.12"]
[Round "4"]
[White "Wu, Derek"]
[Black "Filipovic, Slobodan J"]
[Result "1-0"]
[Board "121"]
[TimeControl "180+1"]
[WhiteFideId "30914558"]
[BlackFideId "939633"]
[WhiteElo "2701"]
[BlackElo "2440"]
[WhiteTeam "USA"]
[BlackTeam "SRB"]
[WhiteClock "0:00:27"]
[BlackClock "0:00:02"]

1. e4 e5 2. Nc3 Nc6 3. Nf3 h6 4. d4 exd4 5. Nxd4 d6 6. Bc4 Nf6 7. O-O Be7 8. h3 O-O 9. Re1 Bd7 10. a4 a5 11. b3 Nxd4 12. Qxd4 Be6 13. Bb2 c5 14. Qd3 Nd7 15. Bxe6 fxe6 16. Qc4 Rf6 17. Ne2 Nb6 18. Qb5 e5 19. Rad1 Qc7 20. Ng3 g6 21. Bc1 Kh7 22. Qd3 Raf8 23. f3 c4 24. Qd2 Qc5+ 25. Kh1 g5 26. Nf5 R8f7 27. Qe2 d5 28. Nxe7 Qxe7 29. exd5 cxb3 30. cxb3 Qd6 31. Bb2 Rf5 32. Bxe5 Qd7 33. d6 Nc8 34. Qd3 Kg8 35. Bb2 Na7 36. Qd4 Rh7 37. Qxa7 Rxf3 38. Qa8+ Rf8 39. Qxa5 Rhf7 40. Qd5 Kh7 41. Qe4+ Rf5 42. Qe7+ Kg6 43. Qxd7 Rf2 44. Qe6+ Kh5 45. d7 Rxb2 46. d8=Q Rff2 47. Qg4+ 1-0

[Event "December 12 Early 2023"]
[Site "https://www.chess.com"]
[Date "2023.12.12"]
[Round "4"]
[White "Mizzi, Jack"]
[Black "Aaditya Dhingra"]
[Result "0-1"]
[Board "122"]
[TimeControl "180+1"]
[WhiteFideId "5602521"]
[BlackFideId "25678191"]
[WhiteElo "2439"]
[BlackElo "2678"]
[WhiteTeam "MLT"]
[BlackTeam "IND"]
[WhiteClock "0:00:00"]
[BlackClock "0:00:56"]

1. d4 g6 2. c4 Bg7 3. g3 c5 4. d5 b5 5. cxb5 a6 6. bxa6 Bxa6 7. Bg2 d6 8. Nf3 Nf6 9. O-O O-O 10. Nc3 Qb6 11. Qc2 Bb7 12. Nd2 Na6 13. Nc4 Qd8 14. a3 Nb4 15. Qb3 Bxd5 16. Nxd5 Nbxd5 17. Bd2 Rb8 18. Qc2 Qc7 19. Rab1 Qa7 20. Rfd1 Rfc8 21. Na5 Qd7 22. Be1 Nb6 23. e4 Qb5 24. Bf1 Qa4 25. b3 Qxe4 26. Qxe4 Nxe4 27. Bg2 Nc3 28. Bxc3 Bxc3 29. Nc6 Rb7 30. Rd3 Bg7 31. b4 c4 32. Re3 Kf8 33. b5 d5 34. Rd1 e6 35. h4 h5 36. Bh3 Na4 37. g4 Nc3 38. Rc1 Nxb5 39. Ne5 hxg4 40. Bxg4 Bh6 41. f4 Bxf4 42. Nxg6+ fxg6 43. Rf1 Rf7 44. Ref3 e5 0-1

[Event "December 12 Early 2023"]
[Site "https://www.chess.com"]
[Date "2023.12.12"]
[Round "4"]
[White "Hua, Lefong"]
[Black "Bogaudinov, Rushan"]
[Result "1-0"]
[Board "123"]
[TimeControl "180+1"]
[WhiteFideId "2602253"]
[BlackFideId "4129288"]
[WhiteElo "2675"]
[BlackElo "2435"]
[WhiteTeam "CAN"]
[BlackTeam "RUS"]
[WhiteClock "0:00:28"]
[BlackClock "0:00:10"]

1. d4 Nf6 2. c4 e6 3. Nc3 d5 4. cxd5 exd5 5. Bg5 Be7 6. e3 O-O 7. Bd3 c6 8. Qc2 Nbd7 9. Nge2 h6 10. Bh4 Nh5 11. Bxe7 Qxe7 12. O-O b6 13. Rae1 Bb7 14. Nc1 c5 15. dxc5 Nxc5 16. Nb3 Ne4 17. Rd1 Rac8 18. Nd4 Nhf6 19. Qb3 Nxc3 20. bxc3 Qe5 21. h3 Rc5 22. Rc1 Rfc8 23. Rfd1 g6 24. Nb5 a6 25. Nd4 Qc7 26. Ne2 b5 27. a4 Bc6 28. Qb4 Bd7 29. axb5 axb5 30. Qd4 Qd6 31. Rb1 Qe7 32. Rb4 h5 33. Rdb1 Ne4 34. Bxe4 dxe4 35. Rd1 Bf5 36. Qd6 Qxd6 37. Rxd6 Ra8 38. Rd1 Ra2 39. Nd4 Rxc3 40. Nxf5 gxf5 41. Rxb5 f4 42. exf4 e3 43. fxe3 Rxe3 44. Rg5+ Kh7 45. Rxh5+ Kg6 46. Rg5+ Kf6 47. Rd6+ Ke7 48. Rdd5 Re1+ 49. Kh2 Rh1+ 50. Kxh1 f6 51. Rg3 Ke6 52. Rb5 Ra1+ 53. Kh2 Ra6 54. f5+ Kd6 55. Rg6 Kd7 56. Rb7+ 1-0

[Event "December 12 Early 2023"]
[Site "https://www.chess.com"]
[Date "2023.12.12"]
[Round "4"]
[White "KacperKacprzak"]
[Black "Recuero Guerra, Javier"]
[Result "1-0"]
[Board "124"]
[TimeControl "180+1"]
[BlackFideId "2254085"]
[WhiteElo "2671"]
[BlackElo "2429"]
[BlackTeam "ESP"]
[WhiteClock "0:00:09"]
[BlackClock "0:00:00"]

1. Nf3 Nf6 2. d4 d6 3. Bg5 Nbd7 4. Nbd2 e5 5. e3 Be7 6. c3 O-O 7. Qc2 Re8 8. Be2 e4 9. Bxf6 exf3 10. Bxe7 fxg2 11. Rg1 Qxe7 12. Rxg2 Nf6 13. O-O-O Ne4 14. Bd3 d5 15. Rdg1 g6 16. Nf3 Bh3 17. Rg3 Bf5 18. R3g2 Bh3 19. Rg3 Bf5 20. h4 Nxg3 21. Bxf5 Nxf5 22. Qxf5 Qe4 23. Qh3 Qe6 24. Qh2 Qd6 25. Qh1 h5 26. Ne5 Kh7 27. Nxf7 Qf6 28. Ng5+ Kh8 29. Qg2 c6 30. Qg3 Rad8 31. Kd2 c5 32. Nf3 cxd4 33. cxd4 Rf8 34. Ke2 Qf5 35. Ne5 Qc2+ 36. Kf1 Qb1+ 37. Kg2 Qe4+ 38. Kh2 g5 39. Qxg5 Rxf2+ 40. Kg3 Rg8 41. Kxf2 Rxg5 42. Rxg5 Qxh4+ 43. Kf3 Qh3+ 44. Kf4 Qh4+ 45. Kf5 Qh3+ 46. Kf6 Qf1+ 47. Kg6 h4 48. Kh6 Qf8+ 49. Kh5 Qe8+ 50. Kxh4 Qf8 51. Ng6+ 1-0

[Event "December 12 Early 2023"]
[Site "https://www.chess.com"]
[Date "2023.12.12"]
[Round "4"]
[White "DHLT216"]
[Black "Hoffmann, Asa"]
[Result "1-0"]
[Board "125"]
[TimeControl "180+1"]
[BlackFideId "2001470"]
[WhiteElo "2630"]
[BlackElo "2424"]
[BlackTeam "USA"]
[WhiteClock "0:00:07"]
[BlackClock "0:00:13"]

1. d4 Nf6 2. c4 c5 3. d5 e5 4. Nc3 d6 5. e4 Be7 6. g3 O-O 7. Bg2 Na6 8. Nge2 Ne8 9. O-O Bd7 10. f4 Bf6 11. Be3 Nec7 12. a4 Nb4 13. Qd2 b6 14. f5 Qe7 15. g4 h6 16. Ng3 Bg5 17. Bxg5 Qxg5 18. Qe2 a6 19. Nh5 b5 20. axb5 axb5 21. cxb5 Rxa1 22. Rxa1 g6 23. Ng3 Rb8 24. Ra7 Qd8 25. Qd2 Kg7 26. f6+ Kh7 27. g5 Ra8 28. Rxa8 Qxa8 29. b6 Nb5 30. Nxb5 Bxb5 31. h4 Qa6 32. h5 Qxb6 33. hxg6+ fxg6 34. f7 Qd8 35. Qf2 Qf8 36. Qf6 Nd3 37. Nf5 Nf4 38. Nxd6 hxg5 39. Nxb5 Ne2+ 40. Kf2 Nd4 41. Nxd4 cxd4 42. Qxe5 Qxf7+ 43. Ke2 Qa7 44. d6 Qa6+ 45. Kf2 Qd3 46. Qe7+ Kh6 47. Qf8+ Kh7 48. Kg1 Qe3+ 49. Kh2 d3 50. d7 d2 51. d8=Q Qf4+ 52. Qxf4 gxf4 53. Qxd2 g5 54. Kh3 1-0

[Event "December 12 Early 2023"]
[Site "https://www.chess.com"]
[Date "2023.12.12"]
[Round "4"]
[White "Thorfinnsson, Bjorn"]
[Black "Porozhnyak, Maya"]
[Result "1-0"]
[Board "126"]
[TimeControl "180+1"]
[WhiteFideId "2300982"]
[BlackFideId "34115843"]
[WhiteElo "2620"]
[BlackElo "2419"]
[WhiteTeam "ISL"]
[BlackTeam "RUS"]
[WhiteClock "0:01:41"]
[BlackClock "0:00:23"]

1. d4 c5 2. c3 cxd4 3. cxd4 g6 4. Nc3 Bg7 5. Nf3 Nf6 6. Bg5 O-O 7. e3 d6 8. Bd3 a6 9. Qc2 b5 10. a3 Bb7 11. h4 Nbd7 12. h5 e5 13. hxg6 fxg6 14. Qb3+ Rf7 15. dxe5 Nxe5 16. Nxe5 dxe5 17. O-O-O Qc7 18. Bxf6 Bxf6 19. Kb1 Bxg2 20. Rh2 Bf3 21. Rg1 Kg7 22. Rxh7+ Kxh7 23. Bxg6+ Kh8 24. Bxf7 e4 25. Qe6 Qe5 26. Qh3+ Bh5 27. Qxh5+ Qxh5 28. Bxh5 Rd8 29. Nxe4 Bg7 30. f4 Rd5 31. Bf3 Rd3 32. Re1 Rb3 33. Re2 a5 34. Nc5 a4 35. Nxb3 axb3 36. e4 1-0

[Event "December 12 Early 2023"]
[Site "https://www.chess.com"]
[Date "2023.12.12"]
[Round "4"]
[White "Rojas Alarcon, Julian Antonio"]
[Black "Rios Escobar, Adan"]
[Result "0-1"]
[Board "127"]
[TimeControl "180+1"]
[WhiteFideId "5107407"]
[BlackFideId "3403645"]
[WhiteElo "2620"]
[BlackElo "2417"]
[WhiteTeam "MEX"]
[BlackTeam "CHI"]
[WhiteClock "0:00:00"]
[BlackClock "0:00:02"]

1. d4 Nf6 2. c4 g6 3. Nc3 d5 4. cxd5 Nxd5 5. e4 Nxc3 6. bxc3 c5 7. Bc4 Bg7 8. Ne2 O-O 9. Be3 Nc6 10. O-O Na5 11. Bd3 b6 12. f4 Qc7 13. Rc1 Bg4 14. Qe1 Rad8 15. Qh4 Qd7 16. d5 c4 17. Nd4 cxd3 18. h3 Be2 19. Nxe2 dxe2 20. Rfe1 Nc4 21. Bf2 e6 22. f5 exf5 23. exf5 Qxf5 24. Qxc4 Rfe8 25. Rxe2 Rxe2 26. Qxe2 Qxd5 27. c4 Qd2 28. Qxd2 Rxd2 29. c5 Bb2 30. Rc4 Be5 31. g4 bxc5 32. Rxc5 Bd4 33. Bxd4 Rxd4 34. Ra5 Rd7 35. Kg2 Kg7 36. Ra6 h5 37. gxh5 gxh5 38. Kg3 f6 39. Kh4 Kg6 40. Ra4 Rb7 41. a3 Re7 42. Kg3 Kg5 43. Ra5+ Kg6 44. Ra4 Rd7 45. Kh4 Re7 46. Rb4 f5 47. Kg3 Re3+ 48. Kh4 Rxa3 49. Rb8 Ra4+ 50. Kg3 h4+ 51. Kf3 Ra3+ 52. Kf4 Rxh3 53. Rg8+ Kf7 54. Ra8 Ra3 55. Kxf5 h3 56. Kg4 Ke6 57. Re8+ Kd5 58. Rh8 a5 59. Kf4 Kc4 60. Rh5 Kb4 61. Ke4 Rc3 62. Rh8 a4 63. Kd4 Rg3 64. Rb8+ Ka3 65. Rf8 Kb3 66. Rb8+ Ka2 67. Rf8 Rg2 68. Kc3 h2 69. Rh8 a3 70. Rh7 Kb1 71. Rb7+ Rb2 72. Rf7 h1=Q 73. Kd4 Qe1 74. Re7 Qxe7 0-1

[Event "December 12 Early 2023"]
[Site "https://www.chess.com"]
[Date "2023.12.12"]
[Round "4"]
[White "Osinovsky, Stepan"]
[Black "Manukyan, Sargis A."]
[Result "0-1"]
[Board "128"]
[TimeControl "180+1"]
[WhiteFideId "4157354"]
[BlackFideId "13303970"]
[WhiteElo "2417"]
[BlackElo "2615"]
[WhiteTeam "RUS"]
[BlackTeam "ARM"]
[WhiteClock "0:00:29"]
[BlackClock "0:02:08"]

1. Nf3 d5 2. g3 e6 3. Bg2 Nf6 4. O-O Be7 5. d3 O-O 6. Nbd2 Nc6 7. e4 dxe4 8. dxe4 e5 9. Qe2 a5 10. Nc4 Be6 11. Ncxe5 Nxe5 12. Nxe5 Qd4 13. Nd3 Bg4 14. Qe3 Qc4 15. e5 Nd5 16. Qe4 Qxe4 17. Bxe4 Nb4 18. Nxb4 axb4 19. Bxb7 Ra5 20. Re1 Rd8 21. Kg2 Rc5 22. Be4 g6 23. f4 h5 24. Be3 Rc4 25. Bd3 Rxd3 26. cxd3 Rc2+ 27. Kg1 Bf3 28. Bf2 Rxb2 29. d4 Bd5 30. Rec1 c6 31. Kf1 h4 32. gxh4 Bf8 33. Ke1 Bh6 34. Be3 Rxh2 35. Rab1 Bf3 36. Bf2 Bxf4 37. Bg1 Bd2+ 38. Kf1 Be2# 0-1

[Event "December 12 Early 2023"]
[Site "https://www.chess.com"]
[Date "2023.12.12"]
[Round "4"]
[White "Eden, James"]
[Black "Matthes, Aaron"]
[Result "1-0"]
[Board "129"]
[TimeControl "180+1"]
[WhiteFideId "666491"]
[BlackFideId "16227310"]
[WhiteElo "2615"]
[BlackElo "2415"]
[WhiteTeam "FRA"]
[BlackTeam "GER"]
[WhiteClock "0:01:49"]
[BlackClock "0:01:29"]

1. e4 c6 2. d4 d5 3. Nd2 dxe4 4. Nxe4 Nf6 5. Nxf6+ gxf6 6. Nf3 Bg7 7. Bd3 Bg4 8. c3 Nd7 9. h3 Bh5 10. Bf4 O-O 11. Qc2 Bg6 12. O-O-O Qa5 13. Kb1 Rfe8 14. g4 e5 15. dxe5 Nxe5 16. Bxe5 fxe5 17. Bxg6 hxg6 18. h4 e4 19. Ng5 Qe5 20. Rd7 f6 21. Qb3+ Kh8 22. Nf7+ 1-0

[Event "December 12 Early 2023"]
[Site "https://www.chess.com"]
[Date "2023.12.12"]
[Round "4"]
[White "Batbold, Nyamsuren"]
[Black "Antunez Soler, Luis"]
[Result "0-1"]
[Board "130"]
[TimeControl "180+1"]
[WhiteFideId "4903331"]
[BlackFideId "3513335"]
[WhiteElo "2414"]
[BlackElo "2614"]
[WhiteTeam "MGL"]
[BlackTeam "CUB"]
[WhiteClock "0:00:39"]
[BlackClock "0:00:49"]

1. g4 d5 2. Bg2 c6 3. h3 e5 4. c4 Be6 5. cxd5 cxd5 6. Qb3 Nc6 7. Nf3 e4 8. Qxb7 exf3 9. Qxc6+ Bd7 10. Qxd5 fxg2 11. Qxg2 Rc8 12. Nc3 Bc6 13. f3 h5 14. a3 Bd6 15. g5 h4 16. b4 Bg3+ 17. Kd1 Qxg5 18. Bb2 Nf6 19. Rc1 O-O 20. e3 Rfd8 21. Kc2 Qg6+ 22. Kb3 Qd3 23. Ka2 Qxd2 24. Qxd2 Rxd2 25. Rhd1 Rxd1 26. Rxd1 Bxf3 27. Rd2 Ne4 28. Nxe4 Bxe4 29. a4 Bf5 30. Ka3 Bxh3 31. b5 Bf1 32. Rd1 Bg2 33. Bd4 Bb8 34. a5 h3 0-1

[Event "December 12 Early 2023"]
[Site "https://www.chess.com"]
[Date "2023.12.12"]
[Round "4"]
[White "Marchesich, Giovanni"]
[Black "Kavyev, Ruslan"]
[Result "1/2-1/2"]
[Board "131"]
[TimeControl "180+1"]
[WhiteFideId "2824790"]
[BlackFideId "34110981"]
[WhiteElo "2414"]
[BlackElo "2604"]
[WhiteTeam "ITA"]
[BlackTeam "RUS"]
[WhiteClock "0:00:06"]
[BlackClock "0:00:13"]

1. e4 c5 2. Nf3 e6 3. d4 cxd4 4. Nxd4 Nc6 5. Nc3 a6 6. g3 Qc7 7. Bg2 Nf6 8. O-O d6 9. Re1 Be7 10. Nxc6 bxc6 11. e5 dxe5 12. Qe2 Nd5 13. Bd2 Rb8 14. b3 O-O 15. Rad1 a5 16. Ne4 a4 17. c4 Nf6 18. Qf3 axb3 19. axb3 Nxe4 20. Qxe4 Rxb3 21. Ra1 c5 22. Ba5 Qb8 23. Red1 Bb7 24. Qc2 Bxg2 25. Kxg2 Qb7+ 26. Kg1 Rb2 27. Qd3 Bf6 28. Qd6 Qf3 29. Qxc5 e4 30. Bb4 Rxb4 31. Qxb4 Bxa1 32. Rxa1 e3 33. Qe1 exf2+ 34. Qxf2 Qe4 35. Rc1 Rc8 36. c5 g6 37. Rc2 Kg7 38. h3 e5 39. Kh2 h5 40. h4 Rc6 41. Qd2 Rf6 42. Rc3 Rf1 43. Qg2 Qf5 44. Rc2 Rd1 45. c6 Rd8 46. c7 Rc8 47. Qc6 e4 48. Qc3+ Kh7 49. Qc5 Qe6 50. Rc3 e3 51. Rxe3 Rxc7 52. Qxc7 Qxe3 53. Qxf7+ Kh6 54. Qf8+ Kh7 55. Qf7+ Kh8 56. Qf8+ Kh7 57. Qf7+ 1/2-1/2

[Event "December 12 Early 2023"]
[Site "https://www.chess.com"]
[Date "2023.12.12"]
[Round "4"]
[White "Janaszak, Dawid"]
[Black "Sari, Yasin"]
[Result "0-1"]
[Board "132"]
[TimeControl "180+1"]
[WhiteFideId "1119206"]
[BlackFideId "6320902"]
[WhiteElo "2602"]
[BlackElo "2414"]
[WhiteTeam "POL"]
[BlackTeam "TUR"]
[WhiteClock "0:01:04"]
[BlackClock "0:00:17"]

1. Nc3 d5 2. e4 d4 3. Nce2 e5 4. f4 exf4 5. Nxf4 Bd6 6. d3 Ne7 7. Nf3 Ng6 8. g3 Bg4 9. h3 Nxf4 10. gxf4 Bh5 11. e5 Be7 12. Bg2 Bh4+ 13. Kf1 O-O 14. Bd2 f6 15. e6 f5 16. Be1 Bxe1 17. Qxe1 Nc6 18. Qf2 Qd6 19. Re1 Qxf4 20. Ne5 Qxf2+ 21. Kxf2 Nxe5 22. Rxe5 c6 23. Rhe1 Rae8 24. Ra5 a6 25. Ra4 Rf6 26. e7 Rf7 27. Rxd4 Rfxe7 28. Rxe7 Rxe7 29. Bf1 g5 30. a4 Kg7 31. a5 Bg6 32. Rd8 f4 33. Bg2 h5 34. Bf3 Bf5 35. Bxh5 Bxh3 36. b4 g4 37. Rd4 g3+ 38. Kf3 g2 39. Kf2 Re1 40. Kxe1 g1=Q+ 41. Kd2 Qxd4 0-1

[Event "December 12 Early 2023"]
[Site "https://www.chess.com"]
[Date "2023.12.12"]
[Round "4"]
[White "Kim, Sergey"]
[Black "Bach Ngoc Thuy Duong"]
[Result "1-0"]
[Board "133"]
[TimeControl "180+1"]
[WhiteFideId "13700570"]
[BlackFideId "12408956"]
[WhiteElo "2598"]
[BlackElo "2413"]
[WhiteTeam "KAZ"]
[BlackTeam "VIE"]
[WhiteClock "0:00:11"]
[BlackClock "0:00:02"]

1. d4 d5 2. c4 e6 3. Nc3 c6 4. e3 Nf6 5. Nf3 Nbd7 6. Bd3 dxc4 7. Bxc4 b5 8. Bb3 Bb7 9. O-O a6 10. Qe2 c5 11. Rd1 Qb6 12. a4 c4 13. Bc2 b4 14. a5 Qc7 15. Na4 Rc8 16. Bd2 Ne4 17. Be1 Be7 18. Rdc1 O-O 19. Bd1 Bd5 20. Nd2 Nxd2 21. Bxd2 Be4 22. Nb6 Bd3 23. Qxd3 cxd3 24. Nxc8 Qd8 25. Bf3 Nf6 26. Nb6 Nd5 27. Bxd5 exd5 28. Rc8 Qd6 29. Rac1 g6 30. R8c7 Bd8 31. R7c6 Qe7 32. Nxd5 Qb7 33. Bxb4 Re8 34. h3 Kg7 35. Nb6 Be7 36. Rc7 Qe4 37. Bd2 Bd8 38. R7c6 Bxb6 39. axb6 Rb8 40. f3 Qe7 41. e4 Qd7 42. d5 Kg8 43. Be3 Qe7 44. Rd1 Qb4 45. Rxd3 Qxb2 46. Kh2 Qb1 47. Rdc3 a5 48. d6 Qb5 49. d7 Qe5+ 50. f4 Qxe4 51. Rc8+ Kg7 52. Rxb8 1-0